 Dungeon Crawl Stone Soup version 0.22-a0-367-gb72a975701 (webtiles) character file.

44361 Laan the Devastator (level 13, -1/86 HPs)
             Began as a Demigod Fire Elementalist on Apr 22, 2018.
             Killed by divine providence
             ... invoked by a meliai
              (15 damage)
             ... on level 13 of the Dungeon.
             The game lasted 01:11:03 (27232 turns).

Laan the Devastator (Demigod Fire Elementalist)    Turns: 27232, Time: 01:11:03

Health: -1/86      AC:  8    Str: 14    XL:     13   Next: 57%
Magic:  24/32      EV: 12    Int: 36    God:
Gold:   1082       SH:  7    Dex: 14    Spells: 10/32 levels left

rFire    . . .     SeeInvis +   a - staff of poison
rCold    + . .     Gourm    .   F - +0 buckler
rNeg     . . .     Faith    .   x - +0 leather armour of Wariness {rC+ Str+3 Int+9 Dex-2}
rPois    +         Spirit   .   (no helmet)
rElec    .         Reflect  +   G - scarf {repulsion}
rCorr    .         Harm     .   o - +1 pair of gloves
MR       +....                  (no boots)
Stlth    ++........             M - +2 amulet of reflection
HPRegen  0.24/turn              d - +3 ring of protection
MPRegen  0.23/turn              A - ring of see invisible

@: very slightly contaminated, repel missiles
A: high mp 1
a: no special abilities


You were on level 13 of the Dungeon.
You were not hungry.

You visited 2 branches of the dungeon, and saw 19 of its levels.
You also visited: Sewer and Ossuary.

You collected 1458 gold pieces.
You spent 376 gold pieces at shops.

Inventory:

Hand Weapons
 b - a +4 mace of freezing
Missiles
 I - 6 javelins of penetration (quivered)
Armour
 e - the +2 leather armour "Henlomon" {+Inv rF+ MR+ Str+2}
   (You found it on level 8 of the Dungeon)

   It affects your strength (+2).
   It protects you from fire.
   It affects your resistance to hostile enchantments.
   It lets you turn invisible.
 o - a +1 pair of gloves (worn)
 x - the +0 leather armour of Wariness (worn) {rC+ Str+3 Int+9 Dex-2}
   (You found it on level 4 of the Dungeon)

   It affects your strength (+3).
   It affects your intelligence (+9).
   It affects your dexterity (-2).
   It protects you from cold.
 E - a +2 cloak of magic resistance
 F - a +0 buckler (worn)
 G - a scarf of repulsion (worn)
 L - a cursed +0 robe
Magical Staves
 a - an uncursed staff of poison (weapon)
Jewellery
 d - a +3 ring of protection (left hand)
 f - a +3 ring of evasion
 v - an uncursed ring of protection from cold
 y - a +2 ring of strength
 A - a ring of see invisible (right hand)
 B - an uncursed ring of protection from fire
 K - an uncursed amulet of the acrobat {unknown}
 M - a +2 amulet of reflection (around neck)
Wands
 H - a wand of polymorph (12)
Scrolls
 g - a scroll of immolation
 h - 8 scrolls of teleportation
 i - 10 scrolls of remove curse
 p - 5 scrolls of magic mapping
 q - a scroll of enchant weapon
 t - a scroll of fog
 w - 2 scrolls of amnesia
 D - 3 scrolls of enchant armour
 J - a scroll of fear
Potions
 j - 4 potions of flight
 k - 3 potions of agility
 l - 9 potions of curing
 m - 3 potions of haste
 n - 2 potions of ambrosia
 r - 3 potions of might
 u - 7 potions of brilliance
 z - 2 potions of mutation
 C - 3 potions of lignification
Comestibles
 c - 29 rations


   Skills:
 - Level 1.7 Dodging
 - Level 1.7 Stealth
 + Level 3.6 Shields
 + Level 10.4 Spellcasting
 * Level 15.0 Conjurations
 - Level 11.4 Fire Magic


You had 10 spell levels left.
You knew the following spells:

 Your Spells              Type           Power        Failure   Level  Hunger
a - Flame Tongue          Conj/Fire      #####        0%          1    None
b - Conjure Flame         Conj/Fire      #######.     1%          3    None
c - Sticky Flame          Conj/Fire      #######.     1%          4    None
d - Fireball              Conj/Fire      #######...   1%          5    ##.....
e - Iskenderun's Mystic   Conj           #######.     1%          4    None
f - Stone Arrow           Conj/Erth      ######       1%          3    None
g - Blink                 Tloc           N/A          4%          2    None


Dungeon Overview and Level Annotations

Branches:
Dungeon (13/15)            Temple (0/1) D:7            Lair (6/6) D:11
  Swamp (0/4) Lair:4       Spider (0/4) Lair:4        Slime (0/5) Lair:6
    Orc (0/2) D:9
 Vaults: D:13-14

Shops:
D:7 [[

Annotations:
Lair:5 exclusion: downstairs


Innate Abilities, Weirdness & Mutations

You have an increased reservoir of magic. (+10% MP)


Message History

Press: ? - help, Shift-Dir - straight line, f/p - meliai
Aim: a meliai, wielding a hand axe and wearing a leather armour (moderately wounded, covered in liquid flames)
The sticky flame hits the meliai.
The meliai is heavily wounded.
The meliai is covered in liquid flames!
The meliai burns!
The meliai mumbles some strange prayers to its god against you.
Something smites you! The meliai hits you with a hand axe.
* * * LOW HITPOINT WARNING * * *
You block the meliai's attack. The meliai hits you with a hand axe!
* * * LOW HITPOINT WARNING * * *
The meliai stings you.
* * * LOW HITPOINT WARNING * * *
Blink to where?
Press: ? - help, Dir - move target cursor, p - meliai You are very lightly contaminated with residual magic.
As you read the scroll of blinking, it crumbles to dust.
The meliai burns!
The meliai calls down the wrath of its god upon you.
Something smites you!
You die...

#.# #.# #.# #.#
#.# #y# #.# #.#
##y###.# #.#
#..ยง##.###.#.#
#.# #
#.#...........
#.#
#....#...######.#
#.#
#..#####..(...#
#.##....
#..@####.# #<###.
#.#..## #.# #.#
## #....# #.# #.#
####.# #.#
#.#########.# #.#
#...........# #.#
###########.# #.#
#.# #.# ..#


You could see 2 meliai.

Vanquished Creatures
  Nessos (D:12)
  Snorg (D:12)
  Harold (Lair:1)
  6 hydras
  A centaur warrior (D:11)
  3 skeletal warriors (D:12)
  An unseen horror (D:9)
  Pikel (D:5)
  An oklob plant (Lair:6)
  2 ugly things (D:11)
  A cyclops (D:11)
  2 black mambas
  8 spiny frogs
  A torpor snail (Lair:6)
  3 kobold demonologists (D:12)
  An efreet (D:11)
  3 rime drakes
  A komodo dragon (Lair:4)
  A troll (D:12)
  4 polar bears
  4 jumping spiders (Lair:4)
  5 hornets
  A dream sheep (Lair:6)
  8 blink frogs
  6 hippogriffs
  4 redbacks (Lair:4)
  11 spriggans
  A shadow (D:12)
  A wraith (D:10)
  A basilisk (Lair:5)
  37 yaks
  A tarantella (shapeshifter) (D:11)
  A wyvern (D:10)
  A steam dragon (Lair:4)
  2 hungry ghosts
  5 insubstantial wisps
  2 hell hounds (D:11)
  14 porcupines
  14 water moccasins
  5 orc warriors
  4 ice beasts
  3 sky beasts
  A phantom (D:11)
  6 black bears
  A necrophage (D:8)
  16 wolves (Lair:6)
  5 boggarts (Lair:6)
  3 centaurs
  4 ogres
  8 crocodiles
  10 bullfrogs
  4 big kobolds
  Blork the orc (D:5)
  2 water moccasin zombies
  A wyvern skeleton (D:8)
  A scorpion (D:9)
  A howler monkey (D:9)
  8 crimson imps
  2 bullfrog zombies (D:5)
  A centaur zombie (D:9)
  6 hounds
  2 jellies
  5 centaur skeletons
  4 orc priests
  2 bullfrog skeletons
  9 orc wizards
  A gnoll shaman (D:6)
  5 iguanas
  10 hell rats (Lair:1)
  9 worker ants
  A killer bee zombie (D:8)
  A hound zombie (D:10)
  A worker ant zombie (D:7)
  3 mummies (Ossuary)
  8 gnolls
  21 adders
  15 river rats
  3 shadow imps
  4 oozes
  2 adder zombies (Ossuary)
  3 adder skeletons
  5 worms
  4 dart slugs (D:1)
  6 leopard geckos
  19 orcs
  9 ball pythons
  6 bats
  6 giant cockroaches
  A gnoll zombie (Ossuary)
  9 goblins
  9 hobgoblins
  14 jackals
  6 quokkas
  6 frilled lizards
  A giant cockroach zombie (D:5)
  2 goblin zombies (Ossuary)
  A hobgoblin zombie (Ossuary)
  A jackal zombie (D:8)
  34 kobolds
  6 kobold zombies (Ossuary)
  A leopard gecko zombie (D:5)
  An orc zombie (Ossuary)
  3 quokka zombies (Ossuary)
  19 rats
  2 rat zombies (Ossuary)
  2 fungi (Lair:5)
  A plant (Lair:4)
538 creatures vanquished.

Vanquished Creatures (others)
  A manticore (D:12)
  5 fungi
  6 plants
12 creatures vanquished.

Grand Total: 550 creatures vanquished

Notes
Turn   | Place    | Note
-------+----------+-------------------------------------------
     0 | D:1      | Laan the Demigod Fire Elementalist began the quest for the Orb.
     0 | D:1      | Reached XP level 1. HP: 14/14 MP: 5/5
    29 | D:1      | Reached skill level 1 in Conjurations
   437 | D:1      | Reached XP level 2. HP: 15/20 MP: 0/7
   621 | D:1      | Reached skill level 2 in Conjurations
   791 | D:1      | Reached XP level 3. HP: 26/26 MP: 3/8
  1194 | D:2      | Found a sparkling altar of Nemelex Xobeh.
  1451 | D:2      | Found a glowing golden altar of the Shining One.
  1758 | D:2      | Reached XP level 4. HP: 33/33 MP: 7/10
  1831 | D:2      | Found a hazy altar of Hepliaklqana.
  2148 | D:2      | Learned a level 3 spell: Conjure Flame
  2292 | D:3      | Reached skill level 3 in Conjurations
  2809 | D:3      | Reached XP level 5. HP: 38/38 MP: 9/11
  2815 | D:3      | Learned a level 4 spell: Sticky Flame
  3029 | D:3      | Found a faded altar of an unknown god.
  3323 | D:4      | Found a glowing drain.
  3337 | Sewer    | Entered a sewer
  3812 | Sewer    | Reached skill level 4 in Conjurations
  3869 | Sewer    | Reached XP level 6. HP: 45/45 MP: 10/13
  4489 | D:4      | Got a spiked leather armour
  4496 | D:4      | Identified the cursed +0 leather armour of Wariness {rC+ Str+3 Int+9 Dex-2} (You found it on level 4 of the Dungeon)
  4622 | D:5      | Entered Level 5 of the Dungeon
  4622 | D:5      | Noticed Blork the orc
  4725 | D:5      | Found a burning altar of Makhleb.
  4813 | D:5      | Noticed a dagger
  4815 | D:5      | Noticed a hand axe
  4871 | D:5      | Reached skill level 5 in Conjurations
  4921 | D:5      | Found a sand-covered staircase.
  4926 | Ossuary  | Entered an ossuary
  4947 | Ossuary  | Reached XP level 7. HP: 6/50 MP: 2/15
  5386 | Ossuary  | Learned a level 5 spell: Fireball
  6078 | D:5      | Noticed Pikel
  6092 | D:5      | Killed Pikel
  6092 | D:5      | Reached skill level 6 in Conjurations
  6092 | D:5      | Reached skill level 5 in Fire Magic
  6092 | D:5      | Reached XP level 8. HP: 35/57 MP: 3/18
  6371 | D:5      | Killed Blork the orc
  6405 | D:5      | Reached skill level 7 in Conjurations
  6515 | D:5      | Found a hide-covered altar of Uskayaw.
  6783 | D:6      | Reached skill level 5 in Spellcasting
  7007 | D:6      | Found a shattered altar of Ashenzari.
  7079 | D:6      | Found a sacrificial altar of Ru.
  7180 | D:6      | Found a deep blue altar of Sif Muna.
  7180 | D:6      | Found an opulent altar of Gozag.
  7181 | D:6      | Found a glowing silver altar of Zin.
  7495 | D:7      | Got a pair of polished gloves
  7496 | D:7      | Identified the cursed -5 pair of gloves of the Peasants {MR- Str+2 Dex+3} (You found it on level 7 of the Dungeon)
  7572 | D:7      | Found Sosch's Antique Armour Shop.
  7587 | D:7      | Found Isegiuq's Antique Armour Shoppe.
  7599 | D:7      | Learned a level 4 spell: Iskenderun's Mystic Blast
  7625 | D:7      | Bought a transparent robe for 102 gold pieces
  7625 | D:7      | Bought a brightly glowing robe for 102 gold pieces
  7625 | D:7      | Identified the cursed +1 robe "Ducw" {rC+ MR+ Str+2 Dex+4} (You bought it in a shop on level 7 of the Dungeon)
  7626 | D:7      | Identified the cursed +0 robe "Xijaxinamy" {*Contam rN+ Int+4} (You bought it in a shop on level 7 of the Dungeon)
  7663 | D:7      | Reached skill level 8 in Conjurations
  7663 | D:7      | Reached XP level 9. HP: 62/62 MP: 8/20
  7736 | D:7      | Bought a runed cloak for 172 gold pieces
  7869 | D:7      | Found an ornate altar of the Wu Jian Council.
  7927 | D:7      | Found a staircase to the Ecumenical Temple.
  8827 | D:8      | Got a slimy leather armour
  9062 | D:8      | Reached skill level 9 in Conjurations
  9570 | D:8      | Learned a level 3 spell: Stone Arrow
  9773 | D:8      | Found a basalt altar of Yredelemnul.
 10440 | D:9      | Noticed an unseen horror
 10443 | D:9      | Killed an unseen horror
 10443 | D:9      | Reached skill level 10 in Conjurations
 10443 | D:9      | Reached XP level 10. HP: 56/69 MP: 13/23
 11085 | D:9      | Found a staircase to the Orcish Mines.
 11353 | D:10     | Entered Level 10 of the Dungeon
 11778 | D:10     | Learned a level 2 spell: Blink
 12420 | D:10     | Identified the +2 leather armour "Henlomon" {+Inv rF+ MR+ Str+2} (You found it on level 8 of the Dungeon)
 12455 | D:11     | Noticed a white ugly thing
 12456 | D:11     | Reached skill level 11 in Conjurations
 12461 | D:11     | Killed a white ugly thing
 12678 | D:11     | Noticed a purple ugly thing
 12685 | D:11     | Killed a purple ugly thing
 12764 | D:11     | Noticed a cyclops
 12781 | D:11     | HP: 3/69 [cyclops (30)]
 12787 | D:11     | Killed a cyclops
 12981 | D:11     | Reached XP level 11. HP: 63/74 MP: 19/26
 13514 | D:11     | Noticed a centaur warrior
 13532 | D:11     | Killed a centaur warrior
 13951 | D:11     | Found a staircase to the Lair.
 14269 | Lair:1   | Entered Level 1 of the Lair of Beasts
 14686 | Lair:1   | Noticed Harold
 14688 | Lair:1   | Reached skill level 12 in Conjurations
 14705 | Lair:1   | Killed Harold
 17875 | Lair:3   | Reached XP level 12. HP: 40/81 MP: 3/29
 18649 | Lair:4   | Reached skill level 13 in Conjurations
 18723 | Lair:4   | Noticed a seven-headed hydra
 18727 | Lair:4   | Killed a seven-headed hydra
 18727 | Lair:4   | Reached skill level 10 in Fire Magic
 19959 | Lair:4   | Noticed an eight-headed hydra
 19963 | Lair:4   | Killed an eight-headed hydra
 20262 | Lair:4   | Found a staircase to the Swamp.
 21012 | Lair:4   | Found a hole to the Spider Nest.
 21881 | Lair:5   | Reached skill level 14 in Conjurations
 21926 | Lair:5   | Noticed a seven-headed hydra
 21930 | Lair:5   | Killed a seven-headed hydra
 22364 | Lair:6   | Entered Level 6 of the Lair of Beasts
 23307 | Lair:6   | Reached XP level 13. HP: 86/86 MP: 20/31
 23310 | Lair:6   | Reached skill level 1 in Shields
 23341 | Lair:6   | Reached skill level 10 in Spellcasting
 25070 | Lair:6   | Found a staircase to the Slime Pits.
 25679 | D:12     | Noticed Snorg
 25682 | D:12     | Killed Snorg
 26198 | D:12     | Reached skill level 15 in Conjurations
 26304 | D:12     | Found a corrupted altar of Lugonu.
 26522 | D:12     | Noticed Nessos
 26527 | D:12     | Killed Nessos
 27232 | D:13     | Killed from afar by a meliai

Vault maps used:
D:1:      giann_horns
D:2:      nicolae_overflow_crystal_walls, old_standard_altar,
          nemelex_xobeh_ov_fountains_minmay
D:3:      chequers_ecumenical_altar_simple_redux
D:4:      gup_sewer_entry_bubbles
D:5:      dancing_weapons_uskayaw, makhleb_heckhound_becter, first_ration,
          enter_ossuary_2, uniq_blork_the_orc, uniq_pikel
D:6:      nicolae_ru_great_annihilating_truth, gammafunk_temple_overflow_claw,
          basic_altar
D:7:      lemuel_coloured_pillars_altar, temple_green, serial_shops, shop, shop
D:8:      nicolae_overflow_hidden_temple, the_bakery
D:9:      david_orc_2, wad_floor_pattern_untrapped
D:11:     minmay_lair_entry_lava
D:12:     kennysheep_kobold_lugonu_temple, uniq_snorg, uniq_nessos
D:13:     serial_shops, shop, nicolae_dithmenos_through_a_glass_darkly
Lair:1:   lemuel_ratsnest, beast_lair_carwin_8, uniq_harold
Lair:4:   minmay_swamp_entry_wisps, nicolae_spider_entry_tight_spaces,
          lemuel_fruit_fields
Lair:6:   minmay_lair_end_enchanted_forest, minmay_slime_entry_oklob_enclosed,
          lemuel_fruit_fields
Sewer:    sewer_co_15_rooms
Ossuary:  ossuary_minmay_chase

Skill      XL: |  1  2  3  4  5  6  7  8  9 10 11 12 13 |
---------------+----------------------------------------+-----
Conjurations   | 1 2 3 4 5 6 8 10 11 12 14 15 | 15.0
Spellcasting   | 2 3 4 5 6 7 8 9 10 | 10.4
Fire Magic     | 3 4 5 6 7 8 9 10 11 | 11.4
Shields        | 3 |  3.6
Dodging        | |  1.7
Stealth        | |  1.7

Action                   |  1- 3 |  4- 6 |  7- 9 | 10-12 | 13-15 || total
-------------------------+-------+-------+-------+-------+-------++-------
Melee: Mace              |     7 |       |   110 |       |       ||   117
       Staff             |       |     7 |     9 |    11 |     1 ||    28
 Cast: Flame Tongue      |    88 |   146 |   348 |   462 |    57 ||  1101
       Sticky Flame      |       |     4 |    25 |    89 |    25 ||   143
       Conjure Flame     |       |       |     4 |    11 |       ||    15
       Iskenderun's Myst |       |       |     6 |    26 |     5 ||    37
       Stone Arrow       |       |       |       |    18 |       ||    18
       Fireball          |       |       |       |    56 |    60 ||   116
  Use: Potion            |       |     5 |       |     8 |       ||    13
       Scroll            |       |     2 |    19 |    11 |     4 ||    36
  Eat: Chunk             |     3 |    10 |    17 |    26 |     7 ||    63
       Ration            |       |       |     1 |     5 |     2 ||     8
Armor: Robe              |     3 |    17 |       |       |       ||    20
       Leather armour    |       |     1 |    83 |    60 |    12 ||   156
Dodge: Dodged            |    29 |    42 |   154 |   100 |    17 ||   342
       Deflected         |       |       |       |       |     5 ||     5
Block: Buckler           |       |       |       |     4 |    11 ||    15
       Reflection        |       |       |       |       |     1 ||     1

Table legend:
 A = Spawn XP
 B = Non-spawn XP
 C = Spawn XP percentage of total XP
 D = Spawn monster count
 E = Non-spawn monster count
 F = Spawn count percentage of total count
 G = Total turns spent on level
                    A         B        C        D         E        F      G
               +---------+---------+-------+---------+---------+-------+---------
         Total |       0 |   63373 |   0.0 |       0 |     536 |   0.0 | 27232
               +---------+---------+-------+---------+---------+-------+---------
           D:1 |       0 |      62 |   0.0 |       0 |      31 |   0.0 |  1194
           D:2 |       0 |      71 |   0.0 |       0 |      22 |   0.0 |   961
           D:3 |       0 |     113 |   0.0 |       0 |      23 |   0.0 |   979
           D:4 |       0 |      91 |   0.0 |       0 |      10 |   0.0 |   886
           D:5 |       0 |    1748 |   0.0 |       0 |      29 |   0.0 |  1373
           D:6 |       0 |     554 |   0.0 |       0 |      20 |   0.0 |   761
           D:7 |       0 |     672 |   0.0 |       0 |      18 |   0.0 |  1062
           D:8 |       0 |    1739 |   0.0 |       0 |      39 |   0.0 |  1376
           D:9 |       0 |    3264 |   0.0 |       0 |      31 |   0.0 |  1472
          D:10 |       0 |    2141 |   0.0 |       0 |      25 |   0.0 |  1329
          D:11 |       0 |    5726 |   0.0 |       0 |      27 |   0.0 |  1826
          D:12 |       0 |    7282 |   0.0 |       0 |      17 |   0.0 |  1442
        Lair:1 |       0 |    3451 |   0.0 |       0 |      50 |   0.0 |  2001
        Lair:2 |       0 |    4273 |   0.0 |       0 |      25 |   0.0 |  1137
        Lair:3 |       0 |    2268 |   0.0 |       0 |      11 |   0.0 |  1533
        Lair:4 |       0 |   11332 |   0.0 |       0 |      44 |   0.0 |  2446
        Lair:5 |       0 |    3447 |   0.0 |       0 |      12 |   0.0 |  1979
        Lair:6 |       0 |   14928 |   0.0 |       0 |      60 |   0.0 |  2145
         Sewer |       0 |     130 |   0.0 |       0 |      21 |   0.0 |   632
       Ossuary |       0 |      81 |   0.0 |       0 |      21 |   0.0 |   657
               +---------+---------+-------+---------+---------+-------+---------
